 Dungeon Crawl Stone Soup version 0.23-a0-326-gb49dddc804 (webtiles) character file.

88 Napalmbreeze the Chiller (level 4, 0/33 HPs)
             Began as a Barachi Ice Elementalist on Oct 16, 2018.
             Hit by a stone thrown by a gnoll (3 damage)
             ... on level 2 of the Dungeon.
             The game lasted 00:04:35 (1738 turns).

Napalmbreeze the Chiller (Barachi Ice Elementalist) Turns: 1738, Time: 00:04:36

Health: 0/33       AC:  2    Str:  9    XL:     4   Next: 53%
Magic:  3/8        EV: 13    Int: 17    God:
Gold:   90         SH:  0    Dex: 12    Spells: 3/8 levels left

rFire    . . .     SeeInvis .   e - +0 spear (curse)
rCold    . . .     Gourm    .   (no shield)
rNeg     . . .     Faith    .   a - +0 robe
rPois    .         Spirit   .   (no helmet)
rElec    .         Reflect  .   (no cloak)
rCorr    .         Harm     .   (no gloves)
MR       .....                  (no boots)
Stlth    ++........             (no amulet)
HPRegen  0.11/turn              (no ring)
MPRegen  0.11/turn              (no ring)

@: can't hop, slow
A: +LOS, swims, slowness 1, strong legs 1
a: Hop


You were on level 2 of the Dungeon.
You were not hungry.

You visited 1 branch of the dungeon, and saw 2 of its levels.

You collected 90 gold pieces.

Inventory:

Hand Weapons
 b - a +0 spear
 e - a cursed +0 spear (weapon)
Armour
 a - a +0 robe (worn)
Scrolls
 f - 3 scrolls of identify {unknown}
 m - 2 scrolls of remove curse {unknown}
Potions
 d - 2 potions of haste {unknown}
 g - 3 potions of heal wounds {unknown}
 h - a potion of berserk rage {unknown}
 i - a potion of flight {unknown}
 k - a potion of lignification {unknown}
 l - a potion of curing {unknown}
 o - a potion of brilliance {unknown}
Comestibles
 c - 3 rations
 j - 3 chunks of flesh


   Skills:
 + Level 2.1 Fighting
 + Level 3.1 Dodging
 - Level 1.7 Stealth
 + Level 2.9 Spellcasting
   Level 1.1 Conjurations
 + Level 0.5 Summonings
 + Level 4.4 Ice Magic


You had 3 spell levels left.
You knew the following spells:

 Your Spells              Type           Power        Failure   Level  Hunger
a - Freeze                Ice            ###.         2%          1    None
w - Summon Ice Beast      Ice/Summ       ##......     54%         4    ####...

Your spell library contained the following spells:

 Spells                   Type           Power        Failure   Level  Hunger
 Throw Frost              Conj/Ice       ##....       9%          2    ##.....
 Ozocubu's Armour         Chrm/Ice       ##......     22%         3    ###....
 Throw Icicle             Conj/Ice       ##......     50%         4    ####...


Dungeon Overview and Level Annotations

Branches:
Dungeon (2/15)

Altars:


Innate Abilities, Weirdness & Mutations

Shadows flee at your approach. (+LOS)
You can swim through water.
You cover ground slowly.
You can hop short distances.


Message History

You kill the gnoll!
The gnoll throws a stone.
The stone hits you but does no damage.
The gnoll throws a stone.
The stone hits you.
* * * LOW HITPOINT WARNING * * *
The gnoll throws a stone.
The stone barely misses you.
Things that are here:
a stone; an adder skeleton Hop to where?
Press: ? - help, Dir - move target cursor Boing!
The gnoll throws a stone.
The stone hits you.
* * * LOW HITPOINT WARNING * * *
You see here a stone.
The gnoll throws a stone.
The stone closely misses you.
You see here a mace.
The gnoll throws a stone.
The stone hits you.
* * * LOW HITPOINT WARNING * * *
You see here a stone.
The gnoll throws a stone.
The stone hits you.
You die...

###########...............#
##........#..####......####
##........#..# ##....÷.#.##
##........#..###..........#
#####...###÷..##.......########
#####...#...#.#........)......#
............#.#........######...
.......................#
............#..#@..#.#.#
............##.#(..#.#.#
...............()......#
...........####....#.#.#
....#####.#####....#.#.# ÷...#
#..........#.#.# ....#
#####....###.#.# ....#
#.(.........# ##### ....#
#....g###.### ......


You could see a gnoll.

Vanquished Creatures
  3 gnolls (D:2)
  3 adders (D:2)
  2 worms (D:2)
  A dart slug (D:1)
  A leopard gecko (D:2)
  A bat (D:2)
  A giant cockroach (D:1)
  4 goblins (D:2)
  2 hobgoblins
  2 quokkas (D:2)
  3 frilled lizards
  3 kobolds (D:1)
  A rat (D:1)
27 creatures vanquished.

Notes
Turn   | Place    | Note
-------+----------+-------------------------------------------
     0 | D:1      | Napalmbreeze the Barachi Ice Elementalist began the quest
                  | for the Orb.
     0 | D:1      | Reached XP level 1. HP: 13/13 MP: 3/3
   700 | D:1      | Reached XP level 2. HP: 20/20 MP: 3/5
   800 | D:1      | Reached skill level 1 in Fighting
  1056 | D:2      | Reached skill level 4 in Ice Magic
  1107 | D:2      | Reached XP level 3. HP: 23/26 MP: 3/6
  1394 | D:2      | Reached XP level 4. HP: 28/33 MP: 6/8
  1402 | D:2      | Learned a level 4 spell: Summon Ice Beast
  1738 | D:2      | Hit by a stone thrown by a gnoll

Vault maps used:
D:1:      lightli_arrival_maybe_door_vault
D:2:      minmay_small_reverse_x

Skill      XL: |  1  2  3  4 |
---------------+-------------+-----
Fighting       | 1 2 |  2.1
Ice Magic      | 4 |  4.4
Dodging        | 3 |  3.1
Stealth        | |  1.7
Spellcasting   | |  2.9
Conjurations   | |  1.1
Summonings     | |  0.5

Action                   |  1- 3 |  4- 6 || total
-------------------------+-------+-------++-------
Melee: Spear             |    11 |     9 ||    20
Throw: Tomahawk          |    23 |    14 ||    37
 Cast: Freeze            |    16 |    19 ||    35
 Abil: Hop               |     1 |     1 ||     2
  Eat: Chunk             |     2 |     1 ||     3
Armor: Robe              |     1 |     3 ||     4
Dodge: Dodged            |     9 |    10 ||    19

Table legend:
 A = Non-vault XP
 B = Vault XP
 C = Vault XP percentage of total XP
 D = Non-vault monster count
 E = Vault monster count
 F = Vault count percentage of total count
                 A         B        C        D         E       F
            +---------+---------+-------+---------+---------+-------
      Total |     126 |       0 |   0.0 |      27 |       0 |   0.0
            +---------+---------+-------+---------+---------+-------
        D:1 |      14 |       0 |   0.0 |       8 |       0 |   0.0
        D:2 |     112 |       0 |   0.0 |      19 |       0 |   0.0
            +---------+---------+-------+---------+---------+-------
